 Dungeon Crawl Stone Soup version 0.21-a0-529-g8c7b3f5d53 (webtiles) character file.

96 JackS81 the Skirmisher (level 4, -6/49 HPs)
             Began as an Ogre Fighter on Dec 10, 2017.
             Mangled by a gnoll
             ... wielding a +0 spear
              (8 damage)
             ... on level 2 of the Dungeon.
             The game lasted 00:03:43 (897 turns).

JackS81 the Skirmisher (Ogre Fighter)                Turns: 897, Time: 00:03:43

Health: -6/49      AC:  3    Str: 20    XL:     4   Next: 67%
Magic:  4/4        EV:  9    Int:  9    God:
Gold:   18         SH:  8    Dex:  9    Spells: 3/3 levels left

rFire    . . .     SeeInvis .   h - +0 whip
rCold    . . .     Gourm    .   c - +0 shield
rNeg     . . .     Faith    .   b - +0 robe
rPois    .         Spirit   .   (helmet restricted)
rElec    .         Reflect  .   (no cloak)
rCorr    .         Harm     .   (gloves unavailable)
MR       .....                  (boots unavailable)
Stlth    +.........             (no amulet)
HPRegen  0.16/turn              (no ring)
MPRegen  0.09/turn              (no ring)

@: no status effects
A: large, unfitting armour, tough skin 1
a: no special abilities


You were on level 2 of the Dungeon.
You were not hungry.

You visited 1 branch of the dungeon, and saw 2 of its levels.

You collected 18 gold pieces.

Inventory:

Hand Weapons
 a - a +0 flail
 h - a +0 whip (weapon)
 o - a +0 blowgun
Missiles
 p - 8 poisoned needles
Armour
 b - a +0 robe (worn)
 c - a +0 shield (worn)
Scrolls
 e - a scroll of teleportation {unknown}
 i - 2 scrolls of remove curse {unknown}
 k - 5 scrolls of identify {unknown}
 n - a scroll of enchant armour {unknown}
Potions
 d - a potion of might
 l - a potion of curing {unknown}
 m - a potion of mutation {unknown}
Comestibles
 f - 2 bread rations
 g - 3 chunks of flesh
 q - a meat ration


   Skills:
 + Level 4.4 Fighting
 * Level 2.9 Maces & Flails
 + Level 3.4 Dodging
 + Level 3.2 Shields


You had 3 spell levels left.
You didn't know any spells.

Dungeon Overview and Level Annotations

Branches:
Dungeon (2/15)

Altars:


Innate Abilities, Weirdness & Mutations

You are too large for most types of armour.
You have tough skin. (AC +1)


Message History

You hit the gnoll.
You kill the gnoll!
You block the gnoll's attack. The gnoll barely misses you.
You see here a goblin corpse.
You hit the gnoll but do no damage. The gnoll hits you with a spear.
You hit the gnoll.
The gnoll is moderately wounded.
You block the gnoll's attack. The gnoll hits you with a spear!
* * * LOW HITPOINT WARNING * * *
You hit the gnoll.
The gnoll is heavily wounded.
The gnoll closely misses you.
You hit the gnoll but do no damage.
The gnoll is heavily wounded.
The gnoll hits you with a spear.
* * * LOW HITPOINT WARNING * * *
It was a potion of cancellation.
You feel magically purged. The gnoll hits you with a spear!
You die...

#<...............#####
##...................##
#.....................##
###..........##..........#
#............##........>.#
###.#...).................<#
##...#..........##..........#
..†............###.)........#
.....#........gg@.....<....##
...#.#....#..########''####.#
(###........## #..# ###
(#..........# #..#
...........## #..#
<.........## #..# ..####.....
#..# ..# #....# #..# ..# #..#


You could see 2 gnolls.

Vanquished Creatures
  A scorpion (D:2)
  An adder (D:2)
  A gnoll (D:2)
  A dart slug (D:1)
  2 giant cockroaches
  2 hobgoblins
  7 jackals (D:1)
  A quokka (D:2)
  2 bats (D:1)
  A frilled lizard (D:1)
  3 goblins
  3 kobolds
  7 rats
32 creatures vanquished.

Notes
Turn   | Place    | Note
-------+----------+-------------------------------------------
     0 | D:1      | JackS81 the Ogre Fighter began the quest for the Orb.
     0 | D:1      | Reached XP level 1. HP: 24/24 MP: 1/1
   199 | D:1      | Reached XP level 2. HP: 30/32 MP: 2/2
   555 | D:1      | Reached XP level 3. HP: 26/39 MP: 3/3
   832 | D:2      | Noticed a scorpion
   840 | D:2      | Killed a scorpion
   840 | D:2      | Reached XP level 4. HP: 49/49 MP: 4/4
   896 | D:2      | HP: 2/49 [gnoll/spear (6)]
   897 | D:2      | Mangled by a gnoll

Vault maps used:
D:1:      lordsloth_arrival_two_stooges, minivault_27, serial_park_tiny_1
D:2:      kennysheep_big_flooded_room, nicolae_overflow_crystal_walls,
          first_bread, wad_orctagon

Skill      XL: |  1  2 |
---------------+-------+-----
Maces & Flails | 2 |  2.9
Dodging        | 3 |  3.4
Shields        | 3 |  3.2
Fighting       | |  4.4

Action                   |  1- 3 |  4- 6 || total
-------------------------+-------+-------++-------
Melee: Whip              |    98 |    16 ||   114
       Flail             |     5 |       ||     5
 Fire: Blowgun           |     5 |       ||     5
  Use: Potion            |       |     1 ||     1
Armor: Robe              |    30 |     1 ||    31
Dodge: Dodged            |    42 |     8 ||    50
Block: Shield            |    51 |     7 ||    58

Table legend:
 A = Spawn XP
 B = Non-spawn XP
 C = Spawn XP percentage of total XP
 D = Spawn monster count
 E = Non-spawn monster count
 F = Spawn count percentage of total count
 G = Total turns spent on level
                    A         B        C        D         E        F      G
               +---------+---------+-------+---------+---------+-------+---------
         Total |       0 |     138 |   0.0 |       0 |      32 |   0.0 |   897
               +---------+---------+-------+---------+---------+-------+---------
           D:1 |       0 |      34 |   0.0 |       0 |      21 |   0.0 |   634
           D:2 |       0 |     104 |   0.0 |       0 |      11 |   0.0 |   263
               +---------+---------+-------+---------+---------+-------+---------
